Map: Honorgrounds LE

Players

Railgan - Winner!

  • Race: Zerg Zerg
  • League: Grandmaster
  • Spawn Location: 1:00

FerouCyril

  • Race: Terran Terran
  • League: Master
  • Spawn Location: 5:00

VOD

Have the link to the VOD?

Description

Time

  • Played on: March 15, 2017, 5:05 p.m.
  • Length: 11:01
Show
View Real Time Build Order
Export as new Build Order

Railgan Zerg - Winner!

Build Orders: Hatch First, Lurkers 

Get SALT Encoding   

  12  0:01  Drone  
  13  0:12  Overlord  
  13  0:18  Drone  
  14  0:30  Drone  
  14  0:31  Drone  
  14  0:34  Drone  
  17  0:56  Drone  
  18  0:57  Hatchery  
  18  0:59  Drone  
  18  1:11  Extractor  
  18  1:15  Spawning Pool  
  17  1:18  Drone  
  17  1:24  Drone  
  18  1:28  Drone  
  19  1:41  Overlord  
  19  2:02  Zergling x4, Queen  
  23  2:08  Queen  
  23  2:09  Drone  
  26  2:16  Drone, Metabolic Boost  
  27  2:24  Drone  
  27  2:25  Drone  
  29  2:32  Drone  
  29  2:33  Evolution Chamber, Drone  
  30  2:39  Queen  
  30  2:44  Overlord  
  32  2:48  Drone  
  33  2:53  Drone  
  34  3:01  Drone  
  34  3:03  Drone  
  34  3:04  Drone  
  37  3:12  Zerg Ground Armor Level 1  
  37  3:13  Zergling x2  
  37  3:14  Zergling x2  
  37  3:15  Drone x2  
  41  3:20  Drone  
  41  3:23  Overlord  
  42  3:28  Drone x2  
  44  3:41  Drone x4  
  45  3:42  Extractor  
  45  3:44  Extractor  
  46  3:50  Drone x3  
  46  3:51  Drone x2  
  46  3:52  Drone  
  52  3:55  Overlord  
  52  3:57  Extractor  
  51  4:14  Drone  
  51  4:15  Drone x3  
  51  4:16  Lair  
  52  4:21  Drone  
  52  4:22  Drone  
  54  4:28  Baneling Nest  
  54  4:29  Drone  
  54  4:32  Zergling x2  
  54  4:33  Hatchery, Zergling x8  
  58  4:39  Overlord  
  58  4:49  Zergling x2  
  58  4:54  Zergling x2  
  59  5:00  Zergling x2  
  59  5:02  Zergling x2  
  60  5:10  Zergling x2  
  61  5:15  Zerg Ground Armor Level 2  
  61  5:19  Evolution Chamber  
  61  5:20  Hydralisk Den  
  59  5:22  Drone x5  
  59  5:24  Overlord  
  59  5:25  Overseer  
  64  5:44  Drone x4  
  64  5:45  Overlord  
  68  5:52  Overlord  
  68  5:53  Hydralisk  
  68  5:54  Zerg Missile Weapons Level 1  
  68  5:55  Muscular Augments  
  68  5:56  Drone x2  
  72  5:57  Drone x2  
  72  5:58  Overlord  
  72  6:00  Overlord  
  74  6:07  Drone  
  75  6:15  Drone x4, Queen  
  75  6:17  Overlord  
  81  6:18  Overlord  
  81  6:21  Drone x3  
  81  6:22  Pneumatized Carapace  
  81  6:25  Drone  
  85  6:27  Spine Crawler  
  85  6:28  Hydralisk x4  
  92  6:35  Hydralisk  
  92  6:36  Hydralisk  
  92  6:38  Extractor  
  95  6:42  Extractor  
  95  6:44  Hydralisk  
  91  6:47  Baneling x8  
  91  6:48  Zergling x2  
  91  6:50  Hydralisk, Hatchery  
  91  6:53  Hydralisk  
  95  6:57  Hydralisk  
  95  6:59  Overlord  
  97  7:07  Hydralisk x3  
  98  7:09  Zergling x8  
  97  7:16  Hydralisk  
  97  7:17  Hydralisk  
  97  7:20  Hydralisk x5  
  106  7:24  Hydralisk  
  101  7:40  Hydralisk x3  
  101  7:43  Drone x3  
  110  7:45  Drone x3  
  113  7:52  Lurker Den  
  113  7:56  Hatchery  
  113  7:58  Drone x2, Overlord  
  113  8:06  Overlord  
  113  8:07  Zergling x4  
  113  8:08  Hydralisk x3, Drone x4  
  113  8:09  Hydralisk  
  127  8:17  Queen  
  127  8:19  Zerg Missile Weapons Level 2  
  129  8:32  Hydralisk  
  131  8:45  Hydralisk  
  131  8:46  Hydralisk  
  131  8:47  Zergling x6  
  131  8:48  Zergling x6  
  141  8:49  Zerg Melee Weapons Level 1  
  142  8:55  Zergling x4  
  142  8:56  Overlord  
  140  9:05  Hatchery  
  140  9:07  Zergling x8  
  143  9:16  Overlord  
  143  9:18  Zergling x2  
  143  9:21  Drone  
  143  9:22  Extractor, Drone  
  143  9:23  Extractor  
  144  9:25  Lurker x5  
  144  9:26  Lurker x2  
  144  9:27  Overlord  
  144  9:28  Zergling x2  
  144  9:29  Overlord  
  153  9:31  Zergling x6  
  153  9:32  Infestation Pit  
  154  9:49  Hydralisk  
  154  9:51  Hydralisk  
  158  9:56  Hydralisk, Overlord  
  158  9:57  Hydralisk x5  
  158  9:58  Zergling x2  
  162  10:07  Drone x4  
  162  10:08  Hydralisk  
  152  10:23  Hydralisk x3  
  154  10:34  Hydralisk x5  
  148  10:36  Overseer  
  148  10:37  Drone x7  
Show
View Real Time Build Order
Export as new Build Order

FerouCyril Terran 

Build Orders: Command Center First (CC), MMM Bio 

Get SALT Encoding   

  12  0:00  SCV  
  13  0:12  SCV  
  14  0:19  Supply Depot  
  14  0:25  SCV  
  15  0:40  SCV  
  16  0:52  SCV  
  17  1:02  Command Center  
  17  1:06  SCV  
  18  1:17  Barracks  
  18  1:19  SCV  
  19  1:27  Refinery  
  19  1:31  SCV  
  20  1:33  Refinery  
  20  1:44  SCV  
  21  1:56  SCV  
  22  2:03  Barracks Reactor  
  22  2:06  Supply Depot  
  22  2:08  Orbital Command  
  22  2:15  Orbital Command  
  22  2:26  Factory  
  22  2:34  SCV  
  23  2:40  Marine x2  
  25  2:44  SCV  
  25  2:47  SCV  
  27  2:56  SCV  
  28  2:58  Marine x2  
  28  2:59  SCV  
  31  3:09  SCV  
  31  3:11  SCV  
  33  3:18  Starport  
  33  3:25  Hellion x2  
  33  3:26  SCV x2  
  39  3:29  Supply Depot  
  39  3:30  Barracks Tech Lab  
  39  3:35  Supply Depot  
  39  3:38  SCV  
  39  3:39  SCV  
  39  3:40  Barracks  
  41  3:46  Hellion x2  
  45  3:49  Marine  
  45  3:51  Stimpack  
  45  3:53  SCV  
  45  3:55  SCV  
  48  3:59  Medivac  
  50  4:05  SCV  
  50  4:07  SCV  
  50  4:16  Marine, Hellion x2  
  55  4:24  Supply Depot, SCV  
  55  4:27  Barracks Reactor  
  56  4:31  SCV  
  56  4:36  SCV  
  58  4:40  Supply Depot  
  58  4:41  Hellion x2  
  58  4:42  Supply Depot  
  62  4:46  Marine, SCV  
  62  4:48  SCV  
  65  4:57  Medivac  
  67  5:01  SCV  
  67  5:03  Marine, Refinery  
  69  5:16  SCV x2  
  69  5:20  Refinery  
  69  5:21  Marine x2, Hellion, Engineering Bay  
  73  5:22  Hellion  
  73  5:25  Marauder  
  73  5:27  Armory  
  79  5:35  Supply Depot, SCV x2  
  81  5:38  Marine x2  
  81  5:40  Engineering Bay  
  83  5:46  Medivac  
  85  5:52  SCV, Combat Shields  
  85  5:53  Terran Infantry Weapons Level 1  
  86  5:57  Missile Turret, Marauder, SCV  
  86  6:00  Hellion  
  86  6:03  Marine x2  
  93  6:12  Terran Infantry Armor Level 1  
  93  6:17  SCV  
  94  6:30  Starport Reactor  
  94  6:38  Supply Depot  
  94  6:40  Supply Depot  
  94  6:41  Command Center  
  94  6:59  Marine x3  
  94  7:00  Hellion x2  
  78  7:17  Marine x2  
  75  7:24  Marine  
  75  7:29  Barracks  
  68  7:30  Barracks  
  68  7:31  Barracks  
  68  7:32  Barracks  
  68  7:34  Widow Mine x2  
  68  7:35  Marine, Marauder  
  68  7:36  SCV x2  
  75  7:42  Marine  
  76  7:52  Marine  
  76  7:57  Marauder, Orbital Command  
  79  7:58  SCV  
  79  7:59  SCV  
  79  8:00  Marine  
  79  8:03  Widow Mine  
  84  8:10  Marine  
  84  8:11  Medivac x2  
  89  8:13  SCV  
  89  8:14  SCV  
  89  8:17  Marine  
  89  8:18  Marine  
  89  8:19  Barracks Reactor x2, Barracks Tech Lab  
  93  8:20  Barracks Reactor  
  93  8:24  Command Center  
  93  8:25  Refinery  
  93  8:26  Terran Infantry Weapons Level 2, Refinery, Terran Infantry Armor Level 2, SCV  
  94  8:28  Marine  
  94  8:33  Missile Turret, Supply Depot  
  95  8:35  Marine  
  95  8:36  Marauder  
  97  8:46  Marine  
  97  8:50  Supply Depot x2  
  97  8:57  Marauder  
  99  9:03  Marine  
  99  9:04  Marine x2, Marauder  
  99  9:06  SCV  
  99  9:07  SCV x2  
  99  9:09  Missile Turret  
  107  9:10  Marine x2  
  107  9:11  Marine x3, Widow Mine  
  107  9:12  Widow Mine, Concussive Shells  
  116  9:18  Marine  
  116  9:19  SCV x2  
  116  9:21  Marine x2  
  116  9:22  Marine  
  122  9:25  Marauder  
  122  9:26  Medivac x2  
  122  9:28  Marine x4  
  122  9:30  Factory  
  132  9:35  SCV x2  
  132  9:36  Marauder, SCV  
  137  9:38  Planetary Fortress  
  137  9:40  Widow Mine x2  
  141  9:47  Marauder, SCV  
  144  10:01  Marine x2  
  144  10:02  Marine x5, Marauder  
  153  10:11  Missile Turret  
  145  10:24  Marine x4, Marauder  
  144  10:32  Marine x2  
  144  10:35  Marine x2  
  139  10:41  Marine x2  
  139  10:42  Marine  
  120  10:43  Barracks, Supply Depot  
  120  10:44  Barracks  
Tags
 
Add a new tag
Caveats
  • Supply blocks, unpowered buildings, or Contaminate may cause inaccurate times.
  • Supply counts are checked every 10 seconds.